 Dungeon Crawl Stone Soup version 0.26-b1-32-g5d43845318 (webtiles) character file.

Game seed: 18395818425214253147

57 night the Skirmisher (level 4, -3/40 HPs)
             Began as a Ghoul Fighter on Jan 9, 2021.
             Slain by a quokka (4 damage)
             ... on level 1 of the Dungeon.
             The game lasted 00:02:05 (897 turns).

night the Skirmisher (Ghoul Fighter)                 Turns: 897, Time: 00:02:06

Health: -3/40      AC:  6    Str: 19    XL:     4   Next: 0%
Magic:  3/3        EV:  7    Int:  4    God:
Gold:   69         SH:  8    Dex:  8    Spells: 3/3 levels left

rFire    . . .     SeeInvis .     - Unarmed
rCold    + . .     Faith    .   b - +0 kite shield
rNeg     + + +     Spirit   .   a - +0 scale mail
rPois    ∞         Reflect  .   (no helmet)
rElec    .         Harm     .   (no cloak)
rCorr    .         Rampage  .   (no gloves)
Will     .....                  (no boots)
Stlth    ..........             (no amulet)
HPRegen  0.00/turn              (no ring)
MPRegen  0.08/turn              (no ring)

@: no status effects
A: claws 1, cold resistance 1, negative energy resistance 3, inhibited
regeneration, torment resistance, unbreathing
a: no special abilities


You were on level 1 of the Dungeon.
You visited 1 branch of the dungeon, and saw 2 of its levels.

You collected 69 gold pieces.

Inventory:

Missiles
 h - 6 javelins (quivered)
Armour
 a - a +0 scale mail (worn)
 b - a +0 kite shield (worn)
Scrolls
 e - a scroll of enchant weapon {unknown}
 f - a scroll of remove curse {unknown}
 g - a scroll of noise {unknown}
Potions
 c - 2 potions of might
 d - 2 potions of curing {unknown}


   Skills:
 + Level 3.8 Fighting
 - Level 2.6 Armour
 + Level 3.1 Shields
 * Level 3.6 Unarmed Combat


You had 3 spell levels left.
You didn't know any spells.
Your spell library was empty.

Dungeon Overview and Level Annotations

Branches:
Dungeon (2/15)

Altars:


Innate Abilities, Weirdness & Mutations

You thrive by killing the living.
You are immune to poison.
You have sharp fingernails.
Your flesh is cold resistant. (rC+)
You are immune to negative energy. (rN+++)
You do not regenerate when monsters are visible.
You are immune to unholy pain and torment.
You can survive without breathing.


Message History

There is a stone staircase leading down here.
You start resting.
HP restored.
You climb downwards.
The gnoll hits you with a +0 halberd! x2
There is a stone staircase leading up here.
The quokka completely misses you.
You climb upwards.
There is a stone staircase leading down here.
The gnoll hits you from afar with a +0 halberd!
The quokka bites you but does no damage.
Things that are here:
a +0 flail; a gnoll corpse; a gnoll corpse You barely miss the quokka.
The quokka bites you but does no damage.
The gnoll hits you from afar with a +0 halberd!
* * * LOW HITPOINT WARNING * * *
You miss the quokka.
The quokka bites you but does no damage.
The gnoll barely misses you. The quokka bites you.
You die...

### #.# # #.# ##########
#############.### ##.......#
#...............#
##.#####.###.#.#########.#####
.........(....gr@............#
...........(...#########.#####
.#.......#.#(..#.# ####.#
.....÷.......(...####....#
...............#.....#.###
......#..............#.#
.............#.#..##.#.#
.......................#
.......................#


You could see a gnoll and a quokka.

Vanquished Creatures
  3 gnolls (D:1)
  A dart slug (D:1)
  6 bats (D:1)
  3 goblins (D:1)
  2 hobgoblins (D:1)
  2 jackals (D:1)
  5 kobolds (D:1)
  4 rats (D:1)
26 creatures vanquished.

Notes
Turn   | Place    | Note
-------+----------+-------------------------------------------
     0 | D:1      | night the Ghoul Fighter began the quest for the Orb.
     0 | D:1      | Reached XP level 1. HP: 19/19 MP: 0/0
   109 | D:1      | Reached XP level 2. HP: 23/26 MP: 1/1
   620 | D:1      | Reached XP level 3. HP: 31/31 MP: 2/2
   763 | D:1      | Reached XP level 4. HP: 23/40 MP: 3/3
   896 | D:1      | HP: 1/40 [gnoll/+0 halberd (12)]
   897 | D:1      | Slain by a quokka

Illustrated notes

Levels and vault maps discovered:
D:1:      giann_horns, layout_basic
D:2:      layout_loops_cross, kennysheep_generic_room_6, uniq_natasha

Skill      XL: |  1  2 |
---------------+-------+-----
Unarmed Combat | 3 |  3.6
Shields        | 3 |  3.1
Fighting       | |  3.8
Armour         | |  2.6

Action                   |  1- 3 |  4- 6 || total
-------------------------+-------+-------++-------
Melee: Unarmed           |    88 |     2 ||    90
Armor: Scale mail        |    35 |     3 ||    38
Dodge: Dodged            |    32 |     2 ||    34
Block: Kite shield       |    42 |       ||    42
